 Dungeon Crawl Stone Soup version 0.30-a0-782-ge64f9170bb (webtiles) character file.

Game seed: 3407640423232834930

368 Barriton the Conjurer (level 6, -1/46 HPs)
             Began as a Draconian Conjurer on Feb 27, 2023.
             Slain by Duvessa
             ... wielding a +0 short sword
              (5 damage)
             ... on level 3 of the Dungeon.
             The game lasted 00:05:38 (3711 turns).

Barriton the Conjurer (Draconian Conjurer)          Turns: 3711, Time: 00:05:38

Health: -1/46      AC:  6    Str: 10    XL:     6   Next: 41%
Magic:  6/11       EV: 12    Int: 20    God:
Gold:   83         SH:  0    Dex:  9    Spells: 9/12 levels left

rFire   + + .      SeeInvis .    f - staff of fire
rCold   x . .      Faith    .    (no shield)
rNeg    . . .      Spirit   .    (body armour unavailable)
rPois   .          Reflect  .    (helmet restricted)
rElec   .          Harm     .    (no cloak)
rCorr   .          Rampage  .    (no gloves)
Will    .....                    (no boots)
Stlth   +                        (no amulet)
HPRegen 0.27/turn                c - ring of fire
MPRegen 0.12/turn                (no ring)

@: lit by a corona, glowing
A: AC +6, unfitting armour, cold-blooded
a: no special abilities


You were on level 3 of the Dungeon.
You visited 1 branch of the dungeon, and saw 4 of its levels.
You also visited: Sewer.

You collected 83 gold pieces.

Inventory:

Magical Staves
 f - a staff of fire (weapon)
Jewellery
 c - a ring of fire (left hand)
Wands
 g - a wand of flame (27)
Scrolls
 h - a scroll of brand weapon
 m - a scroll of teleportation
Potions
 a - a potion of magic
 b - 2 potions of haste {unknown}
 d - 2 potions of flight {unknown}
 e - 2 potions of heal wounds {unknown}
 i - a potion of curing {unknown}
 j - 2 potions of degeneration {unknown}
 k - 2 potions of cancellation {unknown}
 l - a potion of attraction {unknown}


   Skills:
 + Level 0.9 Fighting
 + Level 2.5 Dodging
 + Level 2.6 Stealth
 + Level 0.9 Unarmed Combat
 + Level 3.7 Spellcasting
 + Level 5.9 Conjurations


You had 9 spell levels left.
You knew the following spells:

 Your Spells              Type           Power      Damage    Failure   Level
a - Magic Dart            Conj           100%       1d8       1%          1
b - Searing Ray           Conj           54%        2d6       1%          2

Your spell library contained the following spells:

 Spells                   Type           Power      Damage    Failure   Level
 Dazzling Flash           Conj/Hex       30%        N/A       12%         3
 Mephitic Cloud           Conj/Pois/Air  11%        N/A       17%         3
 Cigotuvi's Dreadful Rot  Necr/Pois/Air  6%         N/A       21%         2
 Poisonous Vapours        Pois/Air       6%         N/A       21%         2
 Fulminant Prism          Conj/Hex       7%         3d7       36%         4
 Iskenderun's Mystic Bla  Conj/Tloc      15%        2d5       36%         4


Dungeon Overview and Level Annotations

Branches:
Dungeon (4/15)              Sewer (visited)
 Temple: D:4-7

Altars:

Annotations:
D:3 Dowan, Duvessa


Innate Abilities, Weirdness & Mutations

Your plain brown scales are hard. (AC +6)
You cannot fit into any form of body armour.
You are cold-blooded and may be slowed by cold attacks.


Message History

Aiming: Searing Ray (safe; 1% risk of failure)
Press: ? - help, Shift-Dir - straight line, f - Duvessa, p - Dowan
Aim: Duvessa, wielding a +0 short sword and wearing a +0 leather armour (82% to hit)
The searing ray hits Duvessa!
Duvessa is moderately wounded. (Press . to maintain the ray.)
The adder hisses angrily.
Dowan gestures at Duvessa while chanting.
Duvessa seems to speed up.
Duvessa closely misses you.
The searing ray hits Duvessa.
Duvessa is moderately wounded.
Duvessa barely misses you. Dowan hits you with a +0 dagger.
The searing ray hits Duvessa.
Duvessa is heavily wounded.
Duvessa hits you with a +0 short sword. Dowan hits you with a +0 dagger.
Duvessa misses you.
The searing ray misses Duvessa.
The searing ray hits the adder.
The adder is heavily wounded.
You finish channelling your searing ray.
Duvessa closely misses you. Dowan barely misses you.
Duvessa hits you with a +0 short sword. The adder barely misses you.
A kobold comes into view. It is wielding a +0 dagger.
Dowan points at you and mumbles some strange words.
You are outlined in light.
Duvessa hits you with a +0 short sword! The adder bites you but does no damage.
Duvessa hits you with a +0 short sword. The adder bites you but does no damage.
Dowan casts a spell at you. The puff of flame hits you. You resist.
You climb upwards.
There is a stone staircase leading down here.
The adder bites you but does no damage. Dowan hits you with a +0 dagger.
Duvessa hits you with a +0 short sword. Dowan attacks as you move away!
Dowan hits you but does no damage. Duvessa attacks as you move away!
Duvessa hits you with a +0 short sword!
* * * LOW HITPOINT WARNING * * *
The adder bites you but does no damage. Duvessa hits you with a +0 short sword.
* * * LOW HITPOINT WARNING * * *
Duvessa hits you with a +0 short sword.
You die...

#...#.................##
#.###.######.##.....#.#
#.# #.# #...(###.#....#
#.# #.###..........#..##
#.# #..............#...#
#.# #..###.#.###.#####..
#.# #.># #.#.###...#...#
#.# #ee###...........#))
#.# #.S@.............).#
#.#
##รท#####........#..#
#.# #.# #...........#
#.# #.#####........##.#
#.# #.....(......#.#.##
#.####..######...#...##
#...................##
######..#############
#..# ########


You could see Duvessa (fast), Dowan and an adder.

Vanquished Creatures
  A kobold brigand (Sewer)
  A necrophage (D:2)
  Natasha (thrice) (D:2)
  An iguana (D:3)
  An orc wizard (D:3)
  2 adders (D:3)
  2 river rats
  A worm (D:3)
  6 orcs (D:3)
  6 endoplasms
  2 giant cockroaches (D:1)
  6 goblins
  8 hobgoblins
  5 jackals
  5 quokkas
  4 ball pythons
  6 bats
  5 frilled lizards
  3 kobolds
  5 rats
73 creatures vanquished.

Vanquished Creatures (others)
  4 plants (Sewer)
4 creatures vanquished.

Grand Total: 77 creatures vanquished

Notes
Turn   | Place    | Note
-------+----------+-------------------------------------------
     0 | D:1      | Barriton the Draconian Conjurer began the quest for the
                  | Orb.
     0 | D:1      | Reached XP level 1. HP: 14/14 MP: 3/3
   286 | D:1      | Reached XP level 2. HP: 20/20 MP: 3/5
   649 | D:1      | Learned a level 2 spell: Searing Ray
  1033 | D:2      | Reached XP level 3. HP: 26/26 MP: 2/6
  1241 | D:2      | Noticed Natasha
  1248 | D:2      | Killed Natasha
  1249 | D:2      | Reached skill level 5 in Conjurations
  1313 | D:2      | Noticed Natasha
  1320 | D:2      | Killed Natasha
  1321 | D:2      | Reached XP level 4. HP: 33/33 MP: 0/7
  1560 | D:2      | Noticed Natasha
  1563 | D:2      | Killed Natasha
  1657 | D:2      | Noticed a necrophage
  1664 | D:2      | Killed a necrophage
  1665 | D:2      | Reached XP level 5. HP: 39/39 MP: 0/9
  2387 | D:3      | Found a glowing drain.
  2414 | Sewer    | Entered a sewer
  2634 | Sewer    | Reached XP level 6. HP: 40/46 MP: 1/11
  3700 | D:4      | Noticed Duvessa
  3700 | D:4      | Noticed Dowan
  3711 | D:3      | Slain by Duvessa

Illustrated notes

Levels and vault maps discovered:
D:1:      roderic_crossed_star, layout_loops_ring, nicolae_titane
D:2:      layout_loops_cross, uniq_natasha
D:3:      layout_loops_ring, portal_sewer_entry_a
D:4:      cheibrodos_fertilizer, layout_basic, serial_shops,
          nicolae_shop_waterfront, grunt_ministairs_10, abandoned_shop,
          kennysheep_generic_room_9, uniq_duvessa, uniq_blork_the_orc,
          uniq_edmund, uniq_ijyb

Skill      XL: |  1  2  3  4 |
---------------+-------------+-----
Conjurations   | 5 |  5.9
Dodging        | 2 |  2.5
Stealth        | 2 |  2.6
Spellcasting   | 3 |  3.7
Fighting       | |  0.9
Unarmed Combat | |  0.9

Action                     |  1- 3 |  4- 6 || total
---------------------------+-------+-------++-------
  Melee: Unarmed           |    20 |       ||    20
         Tailslap          |     3 |     3 ||     6
         Punch             |     1 |     1 ||     2
         Staff             |       |    23 ||    23
   Cast: Magic Dart        |    54 |    56 ||   110
         Searing Ray       |     3 |    15 ||    18
    Use: Scroll            |     2 |     2 ||     4
 Armour: Skin              |     6 |    12 ||    18
  Dodge: Dodged            |    13 |    26 ||    39

Table legend: (Time is in decaauts)
 A = Elapsed time spent in this place.
 B = Non-inter-level travel time spent in this place.
 C = Inter-level travel time spent in this place.
 D = Time resting spent in this place.
 E = Time spent auto-exploring this place.
 F = Levels seen in this place.
 G = Mean time per level.
                   A        B        C        D        E       F      G
               +--------+--------+--------+--------+--------+-----+--------+
         Total |   3736 |   3639 |     97 |      0 |   3241 |   5 |  747.2 |
       Dungeon |   3386 |   3289 |     97 |      0 |   2953 |   4 |  846.5 |
         Sewer |    350 |    350 |      0 |      0 |    287 |   1 |  350.0 |
               +--------+--------+--------+--------+--------+-----+--------+

Top non-repeatable levels by time:
     D:3: 1333 daAuts
     D:2: 1030 daAuts
     D:1: 1015 daAuts
   Sewer: 350 daAuts
     D:4: 7 daAuts
